3AAA
MILTON DOGFISH HEAD @ AUSTIN BLACK MAMBAS
07/14/2042
 
TOP OF THE 1ST
Milton Dogfish Head batting - Pitching for Austin Black Mambas : LHP Jaime Chávez
Pitching: LHP Jaime Chávez
Batting: RHB Anthony Hollis 0-0: Ball
1-0: Fly out, F2 (Popup, 2RF, EV 75.0 MPH)
Batting: RHB Arnie Taylor 0-0: Foul Ball, location: 2F
0-1: Ball
1-1: Called Strike
1-2: Fly out, F8 (Flyball, 8LM, EV 91.2 MPH)
Batting: RHB Colton Pennington 0-0: Ball
1-0: Swinging Strike
1-1: Foul Ball, location: 2F
1-2: Strikes out looking
Top of the 1st over - 0 runs, 0 hits, 0 errors, 0 left on base; Milton 0 - Austin 0
BOTTOM OF THE 1ST
Austin Black Mambas batting - Pitching for Milton Dogfish Head : RHP Javier Guillén
Pitching: RHP Javier Guillén
Batting: RHB Kamakakoa Kaponianani 0-0: Ball
1-0: Ball
2-0: Foul Ball, location: 2F
2-1: Ball
3-1: Fly out, F4 (Popup, 34, EV 70.0 MPH)
Batting: RHB Carlos Hernández 0-0: Called Strike
0-1: DOUBLE (Line Drive, 9LM, EV 111.2 MPH)
Batting: LHB José Vera 0-0: Called Strike
0-1: Swinging Strike
0-2: Ball
1-2: Ball
2-2: Strikes out swinging
Batting: LHB Jon Kelly 0-0: Called Strike
0-1: DOUBLE (Line Drive, 7LM, EV 110.6 MPH)
Carlos Hernández scores
Batting: RHB Cyrillo Watson 0-0: Swinging Strike
0-1: Swinging Strike
0-2: Ball
1-2: Ball
2-2: Foul Ball, location: 2F
2-2: Ball
3-2: Ground out U3 (Groundball, 34S, EV 68.8 MPH)
Bottom of the 1st over - 1 run, 2 hits, 0 errors, 1 left on base; Milton 0 - Austin 1
TOP OF THE 2ND
Milton Dogfish Head batting - Pitching for Austin Black Mambas : LHP Jaime Chávez
Batting: RHB Virgil Guldenmond 0-0: Ball
1-0: Ball
2-0: Foul Ball, location: 2F
2-1: Foul Ball, location: 2F
2-2: Foul Ball, location: 2F
2-2: Foul Ball, location: 2F
2-2: DOUBLE (Line Drive, 78M, EV 111.9 MPH)
Batting: RHB Bobby Norris 0-0: Ball
1-0: Ball
2-0: Called Strike
2-1: Called Strike
2-2: Ball
3-2: Base on Balls
Batting: RHB Koryusai Maejima 0-0: Ball
1-0: Ball
2-0: Called Strike
2-1: Ball
3-1: Called Strike
3-2: Strikes out swinging
Batting: RHB Ivano Pohvisnev 0-0: Swinging Strike
0-1: Ball
1-1: Ball
2-1: Ball
3-1: Base on Balls
Virgil Guldenmond to third
Bobby Norris to second
Batting: RHB Cédric Causse 0-0: Grounds into double play, U5-3 (Groundball, 5L, EV 105.0 MPH)
Top of the 2nd over - 0 runs, 1 hit, 0 errors, 2 left on base; Milton 0 - Austin 1
BOTTOM OF THE 2ND
Austin Black Mambas batting - Pitching for Milton Dogfish Head : RHP Javier Guillén
Batting: RHB Jason Portillo 0-0: Ground out 6-3 (Groundball, 6, EV 83.8 MPH)
Batting: RHB Doug Day 0-0: Called Strike
0-1: Swinging Strike
0-2: Ball
1-2: Ground out U3 (Groundball, 3L, EV 91.9 MPH)
Batting: RHB Omer van de Linde 0-0: Ball
1-0: Ball
2-0: Swinging Strike
2-1: Ball
3-1: Called Strike
3-2: Ground out U3 (Groundball, 3, EV 86.9 MPH)
Bottom of the 2nd over - 0 runs, 0 hits, 0 errors, 0 left on base; Milton 0 - Austin 1
TOP OF THE 3RD
Milton Dogfish Head batting - Pitching for Austin Black Mambas : LHP Jaime Chávez
Batting: LHB Salvador Ramírez 0-0: Called Strike
0-1: Ball
1-1: Ball
2-1: Ground out 4-3 (Groundball, 34D, EV 109.4 MPH)
Batting: RHB Anthony Hollis 0-0: Swinging Strike
0-1: Swinging Strike
0-2: Ball
1-2: Ball
2-2: Ball
3-2: Strikes out swinging
Batting: RHB Arnie Taylor 0-0: Called Strike
0-1: Ball
1-1: Ball
2-1: Foul Ball, location: 2F
2-2: Foul Ball, location: 2F
2-2: Fly out, F3 (Popup, 23F, EV 86.9 MPH)
Top of the 3rd over - 0 runs, 0 hits, 0 errors, 0 left on base; Milton 0 - Austin 1
BOTTOM OF THE 3RD
Austin Black Mambas batting - Pitching for Milton Dogfish Head : RHP Javier Guillén
Batting: RHB Francisco Ortíz 0-0: Ball
1-0: Foul Ball, location: 2F
1-1: Foul Ball, location: 2F
1-2: Ground out 5-3 (Groundball, 56, EV 97.5 MPH)
Batting: RHB Kamakakoa Kaponianani 0-0: Fly out, F8 (Flyball, 78M, EV 93.8 MPH)
Batting: RHB Carlos Hernández 0-0: Ground out 4-3 (Groundball, 4, EV 106.9 MPH)
Bottom of the 3rd over - 0 runs, 0 hits, 0 errors, 0 left on base; Milton 0 - Austin 1
TOP OF THE 4TH
Milton Dogfish Head batting - Pitching for Austin Black Mambas : LHP Jaime Chávez
Batting: RHB Colton Pennington 0-0: Called Strike
0-1: Ball
1-1: Foul Ball, location: 2F
1-2: Ball
2-2: Ball
3-2: Foul Ball, location: 2F
3-2: Fly out, F5 (Flyball, 56D, EV 83.1 MPH)
Batting: RHB Virgil Guldenmond 0-0: Swinging Strike
0-1: Ball
1-1: Ball
2-1: Fly out, F4 (Popup, 4, EV 76.9 MPH)
Batting: RHB Bobby Norris 0-0: Ball
1-0: Ball
2-0: Called Strike
2-1: Ground out U3 (Groundball, 34, EV 88.1 MPH)
Top of the 4th over - 0 runs, 0 hits, 0 errors, 0 left on base; Milton 0 - Austin 1
BOTTOM OF THE 4TH
Austin Black Mambas batting - Pitching for Milton Dogfish Head : RHP Javier Guillén
Batting: LHB José Vera 0-0: Ball
1-0: Ball
2-0: Ball
3-0: Base on Balls
Batting: LHB Jon Kelly 0-0: Fly out, F7 (Flyball, 7D, EV 100.6 MPH)
Batting: RHB Cyrillo Watson 0-0: Ball
1-0: Ball
2-0: Fly out, F3 (Popup, 3SF, EV 68.1 MPH)
Batting: RHB Jason Portillo 0-0: Ball
1-0: Fielders Choice at 2nd, U6 (Groundball, 6M, EV 79.4 MPH)
Bottom of the 4th over - 0 runs, 0 hits, 0 errors, 1 left on base; Milton 0 - Austin 1
TOP OF THE 5TH
Milton Dogfish Head batting - Pitching for Austin Black Mambas : LHP Jaime Chávez
Batting: RHB Koryusai Maejima 0-0: Ball
1-0: Ball
2-0: Called Strike
2-1: Foul Ball, location: 2F
2-2: Ball
3-2: Strikes out looking
Batting: RHB Ivano Pohvisnev 0-0: Fly out, F8 (Line Drive, 8RD, EV 86.2 MPH)
Batting: RHB Cédric Causse 0-0: Called Strike
0-1: Ground out 1-3 (Groundball, 13, EV 63.8 MPH)
Top of the 5th over - 0 runs, 0 hits, 0 errors, 0 left on base; Milton 0 - Austin 1
BOTTOM OF THE 5TH
Austin Black Mambas batting - Pitching for Milton Dogfish Head : RHP Javier Guillén
Batting: RHB Doug Day 0-0: DOUBLE (Flyball, 89D, EV 100.0 MPH)
Batting: RHB Omer van de Linde 0-0: Ball
1-0: Ball
2-0: SINGLE (Line Drive, 78S, EV 108.1 MPH)
Doug Day to third
Batting: RHB Francisco Ortíz 0-0: Ball
1-0: Swinging Strike
1-1: Swinging Strike
1-2: Ball
2-2: SINGLE (Flyball, 78S, EV 86.9 MPH)
Doug Day scores
Omer van de Linde to second
Batting: RHB Kamakakoa Kaponianani 0-0: Called Strike
0-1: Grounds into double play, 5-4-3 (Groundball, 56, EV 79.4 MPH)
Omer van de Linde to third
Batting: RHB Carlos Hernández 0-0: Called Strike
0-1: Foul Ball, location: 2F
0-2: Ball
1-2: Foul Ball, location: 2F
1-2: Foul Ball, location: 2F
1-2: Ball
2-2: Ball
3-2: SINGLE (Line Drive, 9LS, EV 94.4 MPH)
Omer van de Linde scores
Batting: LHB José Vera 0-0: Ball
1-0: Foul Ball, location: 2F
1-1: Foul Ball, location: 2F
1-2: Fly out, F8 (Flyball, 8LS, EV 78.8 MPH)
Bottom of the 5th over - 2 runs, 4 hits, 0 errors, 1 left on base; Milton 0 - Austin 3
TOP OF THE 6TH
Milton Dogfish Head batting - Pitching for Austin Black Mambas : LHP Jaime Chávez
Batting: LHB Salvador Ramírez 0-0: Ball
1-0: Swinging Strike
1-1: Swinging Strike
1-2: Strikes out swinging
Batting: RHB Anthony Hollis 0-0: Ball
1-0: Called Strike
1-1: Foul Ball, location: 2F
1-2: Fly out, F7 (Line Drive, 7, EV 89.4 MPH)
Batting: RHB Arnie Taylor 0-0: Foul Ball, location: 2F
0-1: Swinging Strike
0-2: Foul Ball, location: 2F
0-2: Strikes out swinging
Top of the 6th over - 0 runs, 0 hits, 0 errors, 0 left on base; Milton 0 - Austin 3
BOTTOM OF THE 6TH
Austin Black Mambas batting - Pitching for Milton Dogfish Head : RHP Javier Guillén
Pitching: RHP Neil Franson
Batting: LHB Jon Kelly 0-0: Called Strike
0-1: Ground out 4-3 (Groundball, 4, EV 91.2 MPH)
Batting: RHB Cyrillo Watson 0-0: Ball
1-0: Ball
2-0: DOUBLE (Line Drive, 7LS, EV 108.8 MPH)
Batting: RHB Jason Portillo 0-0: Ball
1-0: Ball
2-0: Called Strike
2-1: Fly out, F7 (Line Drive, 7, EV 84.4 MPH)
Batting: RHB Doug Day 0-0: Called Strike
0-1: Swinging Strike
0-2: Foul Ball, location: 2F
0-2: Strikes out swinging
Bottom of the 6th over - 0 runs, 1 hit, 0 errors, 1 left on base; Milton 0 - Austin 3
TOP OF THE 7TH
Milton Dogfish Head batting - Pitching for Austin Black Mambas : LHP Jaime Chávez
Now in LF: Roy Snider
Batting: RHB Colton Pennington 0-0: Ball
1-0: Foul Ball, location: 2F
1-1: Ball
2-1: Ball
3-1: Foul Ball, location: 2F
3-2: Base on Balls
Pitching: LHP Abdul-Nasir Rabah
Batting: RHB Virgil Guldenmond 0-0: Called Strike
0-1: Ground out 4-3 (Groundball, 4S, EV 75.0 MPH)
Colton Pennington to second
Batting: RHB Bobby Norris 0-0: Ground out 2-3 (Groundball, 13S, EV 76.2 MPH)
Colton Pennington to third
Batting: RHB Koryusai Maejima 0-0: Ball
1-0: SINGLE (Line Drive, 34D, EV 98.8 MPH)
Colton Pennington scores
Batting: RHB Ivano Pohvisnev 0-0: Ball
1-0: Ground out 4-3 (Groundball, 4S, EV 81.2 MPH)
Top of the 7th over - 1 run, 1 hit, 0 errors, 1 left on base; Milton 1 - Austin 3
BOTTOM OF THE 7TH
Austin Black Mambas batting - Pitching for Milton Dogfish Head : RHP Neil Franson
Batting: RHB Omer van de Linde 0-0: Called Strike
0-1: Ball
1-1: Called Strike
1-2: Ball
2-2: Ball
3-2: Base on Balls
Batting: RHB Francisco Ortíz 0-0: Sac Bunt to 15S - play at first, batter OUT! 1-3
Omer van de Linde to second
Batting: RHB Kamakakoa Kaponianani 0-0: Ball
1-0: Ground out 4-3 (Groundball, 4, EV 102.5 MPH)
Omer van de Linde to third
Batting: RHB Carlos Hernández 0-0: Called Strike
0-1: Fly out, F4 (Line Drive, 4, EV 68.1 MPH)
Bottom of the 7th over - 0 runs, 0 hits, 0 errors, 1 left on base; Milton 1 - Austin 3
TOP OF THE 8TH
Milton Dogfish Head batting - Pitching for Austin Black Mambas : LHP Abdul-Nasir Rabah
Batting: RHB Cédric Causse 0-0: Called Strike
0-1: Ground out 6-3 (Groundball, 6D, EV 105.0 MPH)
Batting: LHB Salvador Ramírez 0-0: Ball
1-0: Foul Ball, location: 2F
1-1: SINGLE (Line Drive, 56D, EV 105.6 MPH)
Batting: RHB Anthony Hollis 0-0: Swinging Strike
0-1: Ball
1-1: SINGLE (Groundball, 34D, EV 103.1 MPH)
Salvador Ramírez to second
Runner from 2nd tries for 3rd, SAFE, no throw by RF
Batting: RHB Arnie Taylor 0-0: Ball
1-0: SINGLE (Groundball, 56D, EV 103.1 MPH)
Salvador Ramírez scores
Anthony Hollis to second
Batting: RHB Colton Pennington 0-0: Called Strike
0-1: Ball
1-1: Foul Ball, location: 2F
1-2: Foul Ball, location: 2F
1-2: Foul Ball, location: 2F
1-2: Strikes out swinging
Batting: RHB Virgil Guldenmond 0-0: Called Strike
0-1: Foul Ball, location: 2F
0-2: Ball
1-2: SINGLE (Groundball, 56D, EV 98.8 MPH)
Anthony Hollis to third
Arnie Taylor to second
Runner from 3rd tries for Home, SAFE, throw by LF to home
Batting: RHB Bobby Norris 0-0: Called Strike
0-1: SINGLE (Line Drive, 89M, EV 105.0 MPH)
Arnie Taylor to third
Virgil Guldenmond to second
Runner from 3rd tries for Home, SAFE, no throw by RF
Pitching: RHP Walton Gibbs
Batting: RHB Koryusai Maejima 0-0: Ball
1-0: Foul Ball, location: 2F
1-1: Called Strike
1-2: Ball
2-2: Foul Ball, location: 2F
2-2: Foul Ball, location: 2F
2-2: Foul Ball, location: 2F
2-2: SINGLE (Groundball, 6MD, EV 111.2 MPH)
Virgil Guldenmond to third
Bobby Norris to second
Runner from 3rd tries for Home, SAFE, no throw by CF
Batting: RHB Ivano Pohvisnev 0-0: Swinging Strike
0-1: Foul Ball, location: 2F
0-2: Strikes out swinging
Top of the 8th over - 4 runs, 6 hits, 0 errors, 2 left on base; Milton 5 - Austin 3
BOTTOM OF THE 8TH
Austin Black Mambas batting - Pitching for Milton Dogfish Head : RHP Neil Franson
Now at 1B: Antoine Studdard
Batting: LHB José Vera 0-0: Ball
1-0: Foul Ball, location: 2F
1-1: Swinging Strike
1-2: Ball
2-2: Foul Ball, location: 2F
2-2: Ground out 6-3 (Groundball, 6, EV 84.4 MPH)
Batting: LHB Jon Kelly 0-0: Called Strike
0-1: Ball
1-1: Ball
2-1: SINGLE (Line Drive, 9S, EV 101.9 MPH)
Batting: SHB Roy Snider 0-0: Ball
1-0: Called Strike
1-1: Swinging Strike
1-2: DOUBLE (Flyball, 8RXD, EV 106.9 MPH)
Jon Kelly to third
Runner from 3rd tries for Home, SAFE, no throw by CF
Batting: RHB Jason Portillo 0-0: Ball
1-0: Foul Ball, location: 2F
1-1: Swinging Strike
1-2: Ground out U3 (Groundball, 34, EV 86.2 MPH)
Roy Snider to third
Batting: RHB Doug Day 0-0: Ball
1-0: Ball
2-0: Called Strike
2-1: Ground out 6-3 (Groundball, 6, EV 101.9 MPH)
Bottom of the 8th over - 1 run, 2 hits, 0 errors, 1 left on base; Milton 5 - Austin 4
TOP OF THE 9TH
Milton Dogfish Head batting - Pitching for Austin Black Mambas : RHP Walton Gibbs
Batting: RHB Cédric Causse 0-0: Ball
1-0: Called Strike
1-1: Foul Ball, location: 2F
1-2: Ground out 5-3 (Groundball, 56, EV 101.2 MPH)
Batting: LHB Salvador Ramírez 0-0: Called Strike
0-1: Foul Ball, location: 2F
0-2: Ball
1-2: Foul Ball, location: 2F
1-2: Ball
2-2: Ground out 4-3 (Groundball, 4, EV 82.5 MPH)
Batting: RHB Anthony Hollis 0-0: Ball
1-0: Called Strike
1-1: Ball
2-1: Foul Ball, location: 2F
2-2: Reached on error, E5 (Groundball, 56, EV 81.9 MPH)
Batting: RHB Arnie Taylor 0-0: Foul Ball, location: 2F
0-1: SINGLE (Flyball, 89S, EV 92.5 MPH)
Anthony Hollis to third
Runner from 3rd tries for Home, SAFE, throw by RF to home
Batting: LHB Antoine Studdard 0-0: Fly out, F8 (Flyball, 8RM, EV 78.8 MPH)
Top of the 9th over - 1 run, 1 hit, 1 error, 1 left on base; Milton 6 - Austin 4
BOTTOM OF THE 9TH
Austin Black Mambas batting - Pitching for Milton Dogfish Head : RHP Neil Franson
Pitching: RHP Sergio Tacuri
Now at 1B: Lawrence O'Neal
Batting: RHB Omer van de Linde 0-0: Ball
1-0: Ball
2-0: Swinging Strike
2-1: Ball
3-1: Called Strike
3-2: SINGLE (Flyball, 78S, EV 91.2 MPH)
Batting: RHB Francisco Ortíz 0-0: Swinging Strike
0-1: Fielders Choice at 2nd, 6-4 (Groundball, 6, EV 111.2 MPH)
Batting: RHB Kamakakoa Kaponianani 0-0: Ball
1-0: Called Strike
1-1: Ball
2-1: Foul Ball, location: 2F
2-2: Foul Ball, location: 2F
2-2: Fielders Choice at 2nd, 4-6 (Groundball, 34, EV 85.0 MPH)
Batting: RHB Carlos Hernández 0-0: Called Strike
0-1: Ball
1-1: Called Strike
1-2: Ball
2-2: Ball
3-2: Foul Ball, location: 2F
3-2: SINGLE (Groundball, 56S, EV 71.9 MPH) (infield hit)
Kamakakoa Kaponianani to second
Batting: LHB José Vera 0-0: Foul Ball, location: 2F
0-1: Called Strike
0-2: Fly out, F8 (Flyball, 78D, EV 85.6 MPH)
Bottom of the 9th over - 0 runs, 2 hits, 0 errors, 2 left on base; Milton 6 - Austin 4
Friday, March 26th, 2021 - OOTP Baseball 20.8 Build 74